 Dungeon Crawl Stone Soup version 0.30-a0-596-g0af90f9a20 (webtiles) character file.

Game seed: 11212356463946763339

155508 wormed the Warrior (level 17, 0/163 HPs)
             Began as a Hill Orc Berserker on Jan 7, 2023.
             Was the Champion of Jiyva.
             Slain by a ghost moth (9 damage)
             ... on level 2 of the Spider Nest.
             The game lasted 00:44:59 (24039 turns).

wormed the Warrior (Hill Orc Berserker)            Turns: 24039, Time: 00:45:00

Health: 0/163      AC: 24    Str: 30 (34) XL:     17   Next: 35%
Magic:  14/22      EV:  9    Int:  9 (11) God:    Jiyva [******]
Gold:   184        SH:  0    Dex: 11 (16) Spells: 16/16 levels left

rFire   + + .      SeeInvis .    a - +5 halberd "Isaptemp" {drain, rPois rF+ Int+4}
rCold   + . .      Faith    .    (shield currently unavailable)
rNeg    + + .      Spirit   .    u - +1 plate armour of Sif Muna's Reproof {Rampage rC+ Str+7}
rPois   +          Reflect  .    c - +0 helmet
rElec   .          Harm     .    q - +0 cloak
rCorr   +          Rampage  +    H - +1 pair of gloves
Will    ++++.      Clarity  +    (no boots) Stlth
                                 F - amulet of the Four Winds {rN+ Will+++ Clar}
HPRegen 2.07/turn                R - ring of the Harvest {rF+ rN+ Str+3}
MPRegen 0.68/turn                o - ring "Aruocen" {Dex+2 Slay+4}

@: confused, ambrosia-drunk
A: hooves 1, high MP 3, eyeballs 1, translucent skin 3, noise suppression
}: 1/15 runes: slimy
a: Renounce Religion, Oozemancy, Slimify


You were on level 2 of the Spider Nest.
You worshipped Jiyva.
Jiyva was exalted by your worship.
You visited 5 branches of the dungeon, and saw 29 of its levels.
You also visited: Bailey and Ice Cave.

You collected 2836 gold pieces.
You spent 2652 gold pieces at shops.

Inventory:

Hand Weapons
 a - the +5 halberd "Isaptemp" (weapon) {drain, rPois rF+ Int+4}
   (You found it on level 13 of the Dungeon)

   Int:       It affects your intelligence (+4).
   rF:        It protects you from fire.
   rPois:     It protects you from poison.
 h - the +10 trident of Ciewot {spect, rCorr}
   (You found it on level 6 of the Dungeon)

   rCorr:     It protects you from acid and corrosion.
Missiles
 z - 5 javelins (quivered)
 D - a throwing net
Armour
 c - a +0 helmet (worn)
 p - a +0 pair of gloves
 q - a +0 cloak (worn)
 u - the +1 plate armour of Sif Muna's Reproof (worn) {Rampage rC+ Str+7}
   (You bought it in a shop on level 11 of the Dungeon)

   Str:       It affects your strength (+7).
   rC:        It protects you from cold.
   Rampage:   It bestows one free step when moving towards enemies.
 H - a +1 pair of gloves (worn)
 X - +0 ice dragon scales
 Y - a +1 kite shield of cold resistance
Jewellery
 k - a ring of protection from fire
 o - the ring "Aruocen" (right hand) {Dex+2 Slay+4}
   (You bought it in a shop on level 2 of the Orcish Mines)

   [ring of slaying]

   Dex:       It affects your dexterity (+2).
   Slay:      It affects your accuracy & damage with ranged weapons and melee
   (+4).
 s - a ring of willpower
 A - a ring of flight
 F - the amulet of the Four Winds (around neck) {rN+ Will+++ Clar}
   (You found it on level 5 of the Pits of Slime)

   [amulet of nothing]

   rN:        It protects you from negative energy.
   Clar:      It protects you against confusion.
   Will:      It greatly increases your willpower.
 O - a ring of poison resistance
 R - the ring of the Harvest (left hand) {rF+ rN+ Str+3}
   (You bought it in a shop on level 2 of the Orcish Mines)

   [ring of positive energy]

   Str:       It affects your strength (+3).
   rF:        It protects you from fire.
   rN:        It protects you from negative energy.
 T - a +5 ring of evasion
Wands
 b - a wand of acid (7)
 d - a wand of digging (5)
 y - a wand of flame (8)
 B - a wand of paralysis (22)
 C - a wand of iceblast (17)
 U - a wand of mindburst (3)
 W - a wand of polymorph (6)
Scrolls
 n - 5 scrolls of vulnerability
 t - 3 scrolls of fog
 v - 2 scrolls of silence
 x - 4 scrolls of teleportation
 E - 3 scrolls of enchant armour
 I - 4 scrolls of blinking
 K - 3 scrolls of brand weapon
 L - 5 scrolls of enchant weapon
 P - 3 scrolls of fear
 Q - 7 scrolls of identify
 V - 2 scrolls of magic mapping
Potions
 e - 3 potions of cancellation
 f - 4 potions of haste
 g - 6 potions of brilliance
 i - 3 potions of degeneration
 j - 10 potions of curing
 l - 7 potions of flight
 m - 4 potions of attraction
 r - 5 potions of mutation
 w - 4 potions of ambrosia
 G - a potion of might
 J - 4 potions of lignification
 M - 3 potions of magic
 S - 2 potions of invisibility


   Skills:
 + Level 18.1 Fighting
 - Level 8.5(13.1) Axes
 - Level 13.2(14.0) Polearms
 - Level 10.0 Throwing
 + Level 16.5 Armour
 - Level 1.5 Dodging
 + Level 16.5 Shields


You had 16 spell levels left.
You didn't know any spells.
Your spell library contained the following spells:

 Spells                   Type           Power      Damage    Failure   Level
 Sting                    Tmut/Pois      0%         1d3       90%         1
 Poisonous Vapours        Pois/Air       0%         N/A       97%         2
 Portal Projectile        Hex/Tloc       0%         N/A       99%         3
 Tukima's Dance           Hex            0%         N/A       99%         3
 Airstrike                Air            0%         2d(0-16)  100%        4
 Anguish                  Hex/Necr       0%         N/A       100%        4
 Olgreb's Toxic Radiance  Pois           0%         N/A       100%        4
 Summon Lightning Spire   Summ/Air       0%         N/A       100%        4
 Blade Hands              Tmut           0%         N/A       100%        5
 Lightning Bolt           Conj/Air       0%         1d11      100%        5
 Summon Forest            Summ/Tloc      0%         N/A       100%        5
 Yara's Violent Unravell  Hex/Tmut       0%         3d3       100%        5
 Eringya's Noxious Bog    Tmut/Pois      0%         N/A       100%        6
 Enfeeble                 Hex            0%         N/A       100%        7
 Summon Hydra             Summ           0%         N/A       100%        7


Dungeon Overview and Level Annotations

Branches:
Dungeon (15/15)            Temple (0/1) D:7            Lair (5/5) D:11
 Shoals (0/4) Lair:2       Spider (2/4) Lair:3        Slime (5/5) Lair:5
    Orc (2/2) D:10            Elf (0/3) Orc:2        Depths (0/4) D:15
 Bailey (visited)           IceCv (visited)
 Vaults: D:13-14

Altars:
Ashenzari
Cheibriados
Fedhas
Hepliaklqana
Kikubaaqudgha
Makhleb
Okawaru
Qazlal
Ru
Uskayaw
Vehumet
Wu Jian
Xom
Zin
The Shining One
Beogh
Jiyva

Shops:
D:5 (   D:11 [?[   Orc:2 =*(?:

Annotations:
D:6 3 runed translucent doors, pokeman's ghost, novice DEHW
Slime:5 Royal Jelly


Innate Abilities, Weirdness & Mutations

You have large cloven feet.
You have a greatly increased reservoir of magic. (+30% MP)
Your body has grown eyes which may confuse attackers. (Acc +3)
Your transparent skin significantly reduces your foes' accuracy. (Stealth+)
You passively dampen the noise of your surroundings.


Message History

Something hits you but does no damage. Something stings you!
* * * LOW HITPOINT WARNING * * *
You feel dopey.
You slice something!! You kick something. Something hits you!
* * * LOW HITPOINT WARNING * * *
You feel clumsy. Something hits you.
* * * LOW HITPOINT WARNING * * *
You feel weakened.
Something stings you but does no damage.
You closely miss something. Your kick misses something. Something hits you.
* * * LOW HITPOINT WARNING * * *
Something hits you.
* * * LOW HITPOINT WARNING * * *
You feel weakened.
Something stings you but does no damage.
You are confused.
You feel invigorated.
You feel you are being watched by something.
You feel your power leaking away.
Something hits you but does no damage. x2
Something stings you but does no damage.
Something hits you!
* * * LOW HITPOINT WARNING * * *
Something hits you.
* * * LOW HITPOINT WARNING * * *
Something stings you but does no damage.
Something hits you.
* * * LOW HITPOINT WARNING * * *
Something hits you but does no damage.
Something stings you but does no damage.
You closely miss something. Your kick misses something. Something hits you!
* * * LOW HITPOINT WARNING * * *
You feel dopey. Something hits you but does no damage. Something stings you!
* * * LOW HITPOINT WARNING * * *
You feel clumsy.
You are too confused!
Something hits you!
You die...

#...##.^...#..##..^..
.......#...#........
#..^...#....)...#
.#..#..#.......#...###
... #......#.........#
....#.##.#...#..##..#
#......#.#...##.##..#
.#.......#.#.......#
....#.#....##..#@..#
..#.....##..#.###..#
.^..##....†^### ####
.#...#..##.###
.^...........#
.[....##.#...#
#^..>.^#.#####
#..#......#
#####..####


There were no monsters in sight!

Vanquished Creatures
  2 azure jellies (IceCv)
  A frost giant (D:15)
  The ghost of cforsyth the Earth Mage, a journeyman GrEE of Vehumet (Orc:2)
  The ghost of tnk the Brawler, a journeyman TrGl of Elyvilon (D:12)
  2 quicksilver oozes (IceCv)
  The ghost of sirJeffrey23 the Fighter, a journeyman OgGl of Elyvilon (D:12)
  The ghost of ragingrage the Carver, a journeyman DsWr of Hepliaklqana (D:12)
  A spark wasp (Spider:1)
  2 entropy weavers (Spider:1)
  A fire dragon (Lair:5)
  Josephine (D:13)
  An ice dragon (Lair:4)
  Fannar (D:10)
  2 vault guards (D:13)
  6 hydras
  5 ogre magi
  A radroach (Spider:1)
  A death knight (D:13)
  A catoblepas (Lair:5)
  26 two-headed ogres
  11 centaur warriors
  5 boulder beetles
  11 death yaks
  6 tengu warriors
  Sonja (Lair:1)
  Nergalle (Lair:3)
  2 pharaoh ants (Spider:2)
  3 iron trolls
  7 skeletal warriors
  10 deep trolls
  A wizard (D:13)
  A lindwurm (Lair:5)
  A steelbarb worm (Spider:2)
  4 orb spiders
  8 wolf spiders
  3 deep elf pyromancers
  3 orc sorcerers
  4 orc knights
  17 ugly things
  4 oklob plants (Lair:4)
  A manticore (D:14)
  A moth of wrath (Spider:1)
  5 cyclopes
  5 black mambas
  2 molten gargoyles (Lair:5)
  6 cane toads
  17 elephants
  An ice statue (IceCv)
  2 unseen horrors (D:11)
  4 demonic crawlers
  2 torpor snails (Spider:1)
  An efreet (D:14)
  Psyche (D:8)
  A kobold demonologist (D:11)
  4 yaktaurs (D:13)
  11 komodo dragons
  3 rime drakes
  A tengu conjurer (D:13)
  3 freezing wraiths
  15 trolls
  4 meliai
  A hornet (Lair:4)
  8 tarantellas
  12 polar bears
  A tarantella (shapeshifter) (D:13)
  15 blink frogs
  7 jumping spiders
  18 slime creatures
  2 shadows
  A water elemental (D:13)
  4 culicivoras
  10 wraiths
  8 wyverns
  51 yaks
  9 redbacks
  14 basilisks
  3 steam dragons
  A redback (shapeshifter) (D:14)
  7 wargs
  12 water moccasins
  An acid dragon (D:13)
  3 hell hounds (Lair:5)
  28 orc warriors
  A great orb of eyes simulacrum (IceCv)
  An ice beast (D:6)
  10 black bears
  A sky beast (D:7)
  25 wolves
  27 ogres
  A boggart (D:14)
  19 centaurs
  A phantom (D:5)
  2 slime creature simulacra (IceCv)
  7 kobold brigands
  6 bullfrogs
  3 glowing shapeshifter simulacra (IceCv)
  2 scorpions
  15 killer bees
  4 howler monkeys
  4 electric eels
  3 hounds
  5 lava snakes (Lair:5)
  A gnoll bouda (D:5)
  4 jellies
  7 orc priests
  7 iguanas
  17 orc wizards
  4 shapeshifter simulacra (IceCv)
  10 adders
  4 gnolls (D:5)
  2 shadow imps
  3 white imps
  An ufetubus (D:6)
  4 worms
  54 orcs
  10 ball pythons
  5 endoplasms
  4 giant cockroaches
  9 goblins
  10 hobgoblins
  6 jackals
  3 quokkas
  12 bats
  A frilled lizard (D:3)
  21 kobolds
  8 rats
811 creatures vanquished.

Vanquished Creatures (others)
  A skeletal warrior (D:13)
  A swamp dragon (D:13)
  3 ugly things (D:14)
  A manticore (D:13)
  A yaktaur (D:13)
  7 slime creatures
  A centaur simulacrum (D:13)
  A vampire (D:12)
  An orc warrior (Orc:2)
  A wolf (Lair:5)
  A centaur (D:13)
  38 jellies
  An orc wizard (Orc:2)
  A shapeshifter simulacrum (IceCv)
  4 gnolls (Orc:2)
  11 orcs
  26 fungi
  31 plants
  2 toadstools (D:7)
133 creatures vanquished.

Grand Total: 944 creatures vanquished

Notes
Turn   | Place    | Note
-------+----------+-------------------------------------------
     0 | D:1      | wormed the Hill Orc Berserker began the quest for the Orb.
     0 | D:1      | Reached XP level 1. HP: 19/19 MP: 1/1
   173 | D:1      | Reached XP level 2. HP: 27/27 MP: 2/2
   540 | D:1      | Reached skill level 4 in Fighting
   734 | D:1      | Reached ** piety under Trog
   735 | D:1      | Reached XP level 3. HP: 33/33 MP: 3/3
  1111 | D:2      | Reached skill level 5 in Axes
  1292 | D:2      | Reached XP level 4. HP: 39/40 MP: 4/4
  2091 | D:3      | Found an iron altar of Okawaru.
  2162 | D:3      | Found a broken altar of Ashenzari.
  3131 | D:4      | Reached XP level 5. HP: 47/47 MP: 5/5
  3232 | D:4      | Reached skill level 1 in Shields
  3264 | D:4      | Reached *** piety under Trog
  3671 | D:4      | Reached XP level 6. HP: 40/55 MP: 6/6
  3976 | D:5      | Entered Level 5 of the Dungeon
  3989 | D:5      | Reached skill level 5 in Fighting
  4277 | D:5      | Reached XP level 7. HP: 56/61 MP: 7/7
  4739 | D:5      | Found a sacrificial altar of Ru.
  4826 | D:5      | Found Qydenny's Antique Weapon Shop.
  4897 | D:5      | Reached XP level 8. HP: 34/70 MP: 8/8
  4970 | D:5      | Reached skill level 6 in Fighting
  5239 | D:6      | Identified the +10 trident of Ciewot {spect, rCorr}
  5300 | D:6      | Reached skill level 1 in Polearms
  5366 | D:6      | Reached **** piety under Trog
  5426 | D:6      | Reached skill level 5 in Armour
  5528 | D:6      | Found a hide-covered altar of Uskayaw.
  5533 | D:6      | Found a glowing silver altar of Zin.
  5578 | D:6      | Found a runed translucent gate.
  5578 | D:6      | Identified the +8 chain mail of Gozag's Grace {*Corrode
                  | rN+++ Will+ Regen+}
  5578 | D:6      | Noticed pokeman's ghost (novice DEHW)
  5579 | D:6      | Found a runed translucent gate.
  5580 | D:6      | Found a runed translucent gate.
  5653 | D:6      | Reached skill level 5 in Shields
  5925 | D:6      | Found a roughly hewn altar of Beogh.
  6015 | D:7      | Reached skill level 7 in Fighting
  6015 | D:7      | Reached XP level 9. HP: 34/79 MP: 1/9
  6147 | D:7      | Found a snail-covered altar of Cheibriados.
  6150 | D:7      | Found a stormy altar of Qazlal.
  6150 | D:7      | Found a shimmering altar of Xom.
  6152 | D:7      | Found a blossoming altar of Fedhas.
  6152 | D:7      | Found an ancient bone altar of Kikubaaqudgha.
  6152 | D:7      | Found a stormy altar of Qazlal.
  6213 | D:7      | Found a staircase to the Ecumenical Temple.
  6248 | D:7      | Found a snail-covered altar of Cheibriados.
  6290 | D:7      | Reached skill level 5 in Polearms
  6394 | D:7      | Found a flagged portal.
  6399 | Bailey   | Entered a bailey
  6467 | Bailey   | Noticed an orc knight
  6472 | Bailey   | Killed an orc knight
  6473 | Bailey   | Reached skill level 8 in Fighting
  6539 | Bailey   | Reached XP level 10. HP: 74/88 MP: 10/10
  6561 | Bailey   | Found an iron altar of Okawaru.
  6985 | D:8      | Noticed a two-headed ogre
  6992 | D:8      | Killed a two-headed ogre
  7050 | D:8      | Noticed Psyche
  7096 | D:8      | Killed Psyche
  7342 | D:8      | Found a radiant altar of Vehumet.
  7342 | D:8      | Found a glowing golden altar of the Shining One.
  7432 | D:8      | Reached skill level 9 in Fighting
  7843 | D:9      | Reached ***** piety under Trog
  7892 | D:9      | Noticed a centaur warrior
  7909 | D:9      | Killed a centaur warrior
  7910 | D:9      | Reached XP level 11. HP: 64/99 MP: 11/11
  7962 | D:9      | Noticed a purple ugly thing
  7986 | D:9      | Killed a purple ugly thing
  8032 | D:9      | Reached skill level 10 in Polearms
  8156 | D:9      | Reached skill level 10 in Fighting
  8877 | D:10     | Entered Level 10 of the Dungeon
  8951 | D:10     | Found a burning altar of Makhleb.
  9028 | D:10     | Noticed Fannar
  9046 | D:10     | Killed Fannar
  9133 | D:10     | Found a staircase to the Orcish Mines.
  9287 | D:10     | Found an ornate altar of the Wu Jian Council.
  9549 | D:10     | Identified the +8 long sword "Conservator" {freeze, rElec
                  | MP+9 Str+4}
  9840 | D:11     | Reached XP level 12. HP: 108/108 MP: 12/12
  9854 | D:11     | Found a staircase to the Lair.
  9984 | D:11     | Noticed a boulder beetle
  9992 | D:11     | Killed a boulder beetle
  9993 | D:11     | Reached skill level 11 in Fighting
 10035 | D:11     | Found Vebbiyz's Superior Scales.
 10168 | D:11     | Found Idaw Fyo's Magic Scroll Shoppe.
 10169 | D:11     | Found Ekeor's Antique Armour Shop.
 10176 | D:11     | Bought a warped plate armour for 840 gold pieces
 10176 | D:11     | Identified the +1 plate armour of Sif Muna's Reproof
                  | {Rampage rC+ Str+7} (You bought it in a shop on level 11 of
                  | the Dungeon)
 10282 | D:11     | Reached skill level 10 in Armour
 10584 | Lair:1   | Entered Level 1 of the Lair of Beasts
 10595 | Lair:1   | Reached skill level 10 in Shields
 10830 | Lair:1   | Noticed Sonja
 10837 | Lair:1   | Killed Sonja
 10860 | Lair:1   | Reached ****** piety under Trog
 10863 | Lair:1   | Noticed an eight-headed hydra
 10871 | Lair:1   | Killed an eight-headed hydra
 10996 | Lair:1   | Reached skill level 12 in Fighting
 11005 | Lair:1   | Reached XP level 13. HP: 89/118 MP: 13/13
 11158 | Lair:1   | Reached skill level 1 in Throwing
 11666 | Lair:2   | Found a staircase to the Shoals.
 11999 | Lair:2   | Received a gift from Trog
 12395 | Lair:3   | Reached skill level 13 in Fighting
 12558 | Lair:3   | Found a hole to the Spider Nest.
 12705 | Lair:3   | Reached skill level 5 in Throwing
 12803 | Lair:3   | Noticed Nergalle
 12813 | Lair:3   | Killed Nergalle
 12831 | Lair:3   | Reached XP level 14. HP: 129/129 MP: 14/14
 14034 | Lair:4   | Received a gift from Trog
 14132 | Lair:4   | Found a frozen archway.
 14181 | IceCv    | Entered an ice cave
 14197 | IceCv    | Noticed a quicksilver ooze
 14203 | IceCv    | Killed a quicksilver ooze
 14343 | IceCv    | Noticed a quicksilver ooze
 14351 | IceCv    | Killed a quicksilver ooze
 14538 | IceCv    | Reached skill level 14 in Fighting
 14627 | IceCv    | Found a viscous altar of Jiyva.
 14627 | IceCv    | Noticed an azure jelly
 14634 | IceCv    | Killed an azure jelly
 14639 | IceCv    | Noticed an azure jelly
 14646 | IceCv    | Killed an azure jelly
 14665 | IceCv    | Got the ring "Fewnes" {Ice Int+2 Slay+2}
 14666 | IceCv    | Identified the ring of Ynet {Will- Str+6 Dex+3 Slay+5}
 15037 | IceCv    | Fell from the grace of Trog
 15037 | IceCv    | Became a worshipper of Jiyva Jestrem the Shapeless
 15187 | Lair:4   | You fall into a shaft and drop 1 floor!
 15187 | Lair:5   | Entered Level 5 of the Lair of Beasts
 15361 | Lair:5   | Found a large runed translucent door.
 15361 | Lair:5   | Found a large runed translucent door.
 15615 | Lair:5   | Reached * piety under Jiyva
 15653 | Lair:5   | Reached XP level 15. HP: 125/139 MP: 15/15
 16038 | Lair:5   | Found a staircase to the Slime Pits.
 17050 | D:12     | Found a runed translucent gate.
 17056 | D:12     | Found a runed translucent gate.
 17057 | D:12     | Found a runed translucent gate.
 17058 | D:12     | Noticed ragingrage's ghost (journeyman DsWr)
 17059 | D:12     | Noticed tnk's ghost (journeyman TrGl)
 17059 | D:12     | Noticed sirJeffrey23's ghost (journeyman OgGl)
 17216 | D:12     | Reached ** piety under Jiyva
 17255 | D:12     | Identified the +5 long sword of the Extremes {spect, rF+
                  | rC+ Will+}
 17721 | D:12     | Killed sirJeffrey23's ghost
 17735 | D:12     | Killed tnk's ghost
 17736 | D:12     | Reached skill level 15 in Fighting
 17743 | D:12     | Killed ragingrage's ghost
 17802 | D:13     | Noticed Josephine
 17812 | D:13     | Killed Josephine
 17950 | D:13     | Reached skill level 10 in Throwing
 18263 | D:13     | Reached XP level 16. HP: 143/151 MP: 16/16
 18375 | D:13     | Reached *** piety under Jiyva
 18375 | D:13     | Gained mutation: You have acidic saliva. [Jiyva's grace]
 18375 | D:13     | Gained mutation: You have a small jelly attached to you
                  | that senses nearby items. [Jiyva's grace]
 18375 | D:13     | Gained mutation: Your body has grown eyes which may confuse
                  | attackers. (Acc +3) [Jiyva's grace]
 18375 | D:13     | Gained mutation: Your body has grown many eyes which may
                  | confuse attackers. (Acc +5) [Jiyva's grace]
 18418 | D:13     | Identified the +9 shortbow "Diecipekh" {heavy, Str+2}
 18426 | D:13     | Identified the +5 halberd "Isaptemp" {drain, rPois rF+
                  | Int+4}
 18546 | D:14     | Reached skill level 16 in Fighting
 18883 | D:14     | Reached **** piety under Jiyva
 19660 | D:15     | Entered Level 15 of the Dungeon
 19763 | D:15     | Found a staircase to the Depths.
 19855 | D:15     | Lost mutation: You have acidic saliva. [Jiyva's grace]
 19855 | D:15     | Lost mutation: Your body has grown many eyes which may
                  | confuse attackers. (Acc +5) [Jiyva's grace]
 19855 | D:15     | Lost mutation: You have a small jelly attached to you that
                  | senses nearby items. [Jiyva's grace]
 19855 | D:15     | Gained mutation: You have an increased reservoir of magic.
                  | (+10% MP) [Jiyva's grace]
 19855 | D:15     | Gained mutation: You have a considerably increased
                  | reservoir of magic. (+20% MP) [Jiyva's grace]
 19855 | D:15     | Gained mutation: You have a greatly increased reservoir of
                  | magic. (+30% MP) [Jiyva's grace]
 19855 | D:15     | Gained mutation: You have large cloven feet. [Jiyva's
                  | grace]
 19883 | D:15     | Found a hazy altar of Hepliaklqana.
 19888 | D:15     | Reached skill level 15 in Armour
 19892 | D:15     | Reached skill level 15 in Shields
 19952 | D:15     | Reached ***** piety under Jiyva
 19983 | D:15     | Paralysed by an orc sorcerer for 2 turns
 20553 | Orc:1    | Entered Level 1 of the Orcish Mines
 20644 | Orc:2    | Entered Level 2 of the Orcish Mines
 20671 | Orc:2    | Reached skill level 17 in Fighting
 20723 | Orc:2    | Found Dotwuyde's Jewellery Shoppe.
 20768 | Orc:2    | Found Fuuwneig's Assorted Antiques.
 20772 | Orc:2    | Found Uroupnut's Weapon Boutique.
 20803 | Orc:2    | Bought the ring of the Harvest {rF+ rN+ Str+3} for 564 gold
                  | pieces
 20805 | Orc:2    | Bought the ring "Aruocen" {Dex+2 Slay+4} for 1248 gold
                  | pieces
 20821 | Orc:2    | Found Boufu's Magic Scroll Shoppe.
 20870 | Orc:2    | Found a staircase to the Elven Halls.
 21002 | Orc:2    | Found a runed translucent door.
 21049 | Orc:2    | Found Roergh's Vocational Training.
 21154 | Orc:2    | Reached ****** piety under Jiyva
 21334 | Orc:2    | Noticed cforsyth's ghost (journeyman GrEE)
 21348 | Orc:2    | Killed cforsyth's ghost
 21608 | Slime:1  | Entered Level 1 of the Pits of Slime
 21608 | Slime:1  | Noticed an acid blob
 21629 | Slime:1  | Noticed an acid blob
 21629 | Slime:1  | Noticed an acid blob
 21630 | Slime:1  | Noticed an acid blob
 21721 | Slime:1  | Noticed an azure jelly
 21747 | Slime:1  | Noticed an acid blob
 21983 | Slime:2  | Noticed a rockslime
 22069 | Slime:3  | Noticed an azure jelly
 22117 | Slime:4  | Noticed an azure jelly
 22136 | Slime:4  | Noticed an azure jelly
 22157 | Slime:4  | Noticed an acid blob
 22169 | Slime:4  | Noticed an acid blob
 22204 | Slime:5  | Entered Level 5 of the Pits of Slime
 22225 | Slime:5  | Noticed an acid blob
 22241 | Slime:5  | Paralysed by Trog for 6 turns
 22265 | Slime:5  | Noticed an acid blob
 22286 | Slime:5  | Noticed an acid blob
 22293 | Slime:5  | Noticed an acid blob
 22301 | Slime:5  | Noticed an azure jelly
 22301 | Slime:5  | Noticed an azure jelly
 22358 | Slime:5  | Noticed the Royal Jelly
 22386 | Slime:5  | Noticed an acid blob
 22387 | Slime:5  | Found a viscous altar of Jiyva.
 22388 | Slime:5  | Found the amulet of the Four Winds {rN+ Will+++ Clar}
 22394 | Slime:5  | Got a slimy rune of Zot
 22402 | Slime:5  | Noticed an acid blob
 22402 | Slime:5  | Noticed an azure jelly
 22424 | Slime:5  | Identified the +1 helmet "Xar Fefon" {rF+ rN++ Dex-5}
 22425 | Slime:5  | Identified the amulet of the Curious Persimmons {Regen+
                  | Dex+2}
 22524 | Slime:5  | Noticed a rockslime
 22628 | Spider:1 | Entered Level 1 of the Spider Nest
 22640 | Spider:1 | Reached XP level 17. HP: 96/162 MP: 22/22
 23271 | Spider:1 | Gained mutation: Your translucent skin slightly reduces
                  | your foes' accuracy. (Stealth+) [Jiyva's grace]
 23271 | Spider:1 | Gained mutation: Your translucent skin reduces your foes'
                  | accuracy. (Stealth+) [Jiyva's grace]
 23271 | Spider:1 | Gained mutation: Your transparent skin significantly
                  | reduces your foes' accuracy. (Stealth+) [Jiyva's grace]
 23271 | Spider:1 | Gained mutation: You passively dampen the noise of your
                  | surroundings. [Jiyva's grace]
 23855 | Spider:2 | Reached skill level 18 in Fighting
 24038 | Spider:2 | HP: 4/163 [something (10)]
 24039 | Spider:2 | Slain by a ghost moth

Illustrated notes

Levels and vault maps discovered:
D:1:      nicolae_arrival_somewhat_less_tricky_arrival, layout_basic,
          serial_co_window_serial, co_window_paths_b, co_window_paths_b,
          co_window_paths_a, co_window_of_opportunity_a, co_window_corner_a,
          co_window_broadway_a, co_window_broadway_c, co_window_paths_e,
          glass_columns_b, glass_columns_a, glass_columns_c, glass_columns_b,
          glass_columns_b
D:2:      layout_basic, st_stairs_11, kennysheep_path_1
D:3:      layout_basic, ashenzari_conservatory_becter, okawaru_trees_1
D:4:      layout_layer_cave
D:5:      layout_loops_ring, nicolae_ru_awakened_eye, serial_shops,
          nicolae_shop_waterfront
D:6:      layout_basic, minitemple, biasface_ghost_orc_armoury
D:7:      layout_rooms, doesnt_xom_only_xom, mainiacjoe_overflow_cross_hatched,
          minmay_temple_entry_tees, enter_bailey_3, minmay_gold_behind_fungi,
          centaur_isle
D:8:      layout_basic, nicolae_overflow_two_pavilions, uniq_psyche
D:9:      layout_cave_pools, nicolae_benzene_ring, kb_rosetta
D:10:     layout_basic, nicolae_wu_jian_wuxing_cycle, bloody_makhleb,
          david_orc_1_choice, nooodl_orcs_dogs, uniq_fannar
D:11:     layout_roguey, erik_lair_dragon, nicolae_wooded_promenade,
          hellmonk_scale_shop
D:12:     layout_basic, gammafunk_ghost_cemetery, minmay_misc_feat_five,
          nicolae_figureground_sparkle
D:13:     minmay_the_grid_3x2 [minmay_the_grid_dragon_a,
          minmay_the_grid_tiny_cups, minmay_the_grid_all_tris,
          minmay_the_grid_expand, minmay_the_grid_pillar_ring,
          minmay_the_grid_prize_four_corners_diamond_b], layout_rooms,
          grunt_vaults_entry_fortified, kennysheep_island_fort, uniq_josephine
D:14:     layout_layer_cave, infiniplex_staircase_pool_1,
          minmay_fractal_squares_diagonal_5
D:15:     grunt_enter_depths_snipers, layout_basic,
          nicolae_hepliaklqana_hazy_memory
Lair:1:   layout_roguey, st_stairs_7, nzn_random_ring, uniq_sonja
Lair:2:   layout_gridlike, minmay_shoals_entry_centaurs
Lair:3:   layout_hall_layers, spider_nest_entry_a, enter_volcano_4,
          grunt_megastairs_4, uniq_nergalle
Lair:4:   minmay_lair_oklob_tunnel, layout_long_grid,
          portal_ice_cave_entry_animals_and_master
Lair:5:   cheibrodos_lair_end_hotspot, layout_cave_pods, slime_entry_1
Spider:1: layout_spider_delve
Spider:2: layout_spider_delve
Slime:1:  cheibrodos_slime_lost_civilization_8, layout_caves
Slime:2:  layout_caves
Slime:3:  layout_caves
Slime:4:  layout_caves
Slime:5
Orc:1:    layout_diamond_mine
Orc:2:    st_orc_open, layout_caves, ebering_ghost_reflecting_pool,
          nicolae_shop_vocational

Skill      XL: |  1  2  3  4  5  6  7  8  9 10 11 12 13 14 15 16 17 |
---------------+----------------------------------------------------+-----
Fighting       | 4 5 7 8 9 10 12 13 14 15 17 18 | 18.1
Axes           | 5 6 7 8 |  8.5
Armour         | 3 4 5 6 8 9 10 12 13 14 15 16 | 16.5
Shields        | 2 3 4 5 6 8 9 10 12 13 14 15 16 | 16.5
Polearms       | 4 7 9 11 13 | 13.2
Throwing       | 5 8 10 | 10.0
Dodging        | |  1.5

Action                   |  1- 3 |  4- 6 |  7- 9 | 10-12 | 13-15 | 16-18 || total
-------------------------+-------+-------+-------+-------+-------+-------++-------
Melee: Hand axe          |   115 |   133 |       |       |       |       ||   248
       War axe           |       |    71 |   103 |       |       |       ||   174
       Trident           |       |       |   102 |   344 |   812 |   428 ||  1686
       Kick              |       |       |       |       |       |   180 ||   180
       Bite              |       |       |       |       |       |    24 ||    24
       Halberd           |       |       |       |       |       |   146 ||   146
Throw: Dart              |       |       |       |     4 |       |       ||     4
       Javelin           |       |       |       |       |     1 |       ||     1
Invok: Berserk           |       |     1 |     3 |     1 |     2 |       ||     7
       Oozemancy         |       |       |       |       |       |     1 ||     1
  Use: Scroll            |       |    10 |     8 |     9 |    10 |     1 ||    38
       Potion            |       |       |     3 |       |     5 |     5 ||    13
 Stab: Distracted        |       |       |     1 |     5 |     9 |     2 ||    17
       Confused          |       |       |       |       |       |     8 ||     8
Armor: Chain mail        |    64 |   122 |   105 |    64 |       |       ||   355
       Plate armour      |       |       |       |    28 |   243 |   280 ||   551
       Ice dragon scales |       |       |       |       |    15 |       ||    15
Dodge: Dodged            |    46 |    86 |    77 |    52 |   242 |   206 ||   709
Block: Buckler           |       |    13 |    41 |    49 |    45 |       ||   148
       Kite shield       |       |       |       |       |   288 |   210 ||   498

Table legend: (Time is in decaauts)
 A = Elapsed time spent in this place.
 B = Non-inter-level travel time spent in this place.
 C = Inter-level travel time spent in this place.
 D = Time resting spent in this place.
 E = Time spent auto-exploring this place.
 F = Levels seen in this place.
 G = Mean time per level.
                   A        B        C        D        E       F      G
               +--------+--------+--------+--------+--------+-----+--------+
         Total |  23689 |  21647 |   2042 |   1371 |  16123 |  31 |  764.2 |
       Dungeon |  14228 |  12905 |   1323 |    967 |   9500 |  15 |  948.5 |
          Lair |   5592 |   5095 |    497 |      2 |   4219 |   5 | 1118.4 |
   Spider Nest |    933 |    898 |     35 |      1 |    589 |   2 |  466.5 |
    Slime Pits |    958 |    860 |     98 |      0 |    818 |   5 |  191.6 |
  Orcish Mines |    888 |    799 |     89 |      0 |    602 |   2 |  444.0 |
        Bailey |    233 |    233 |      0 |     46 |    100 |   1 |  233.0 |
      Ice Cave |    855 |    855 |      0 |    354 |    294 |   1 |  855.0 |
               +--------+--------+--------+--------+--------+-----+--------+

Top non-repeatable levels by time:
  Lair:5: 1467 daAuts
  Lair:3: 1455 daAuts
    D:11: 1177 daAuts
    D:14: 1157 daAuts
     D:4: 1146 daAuts
     D:3: 1133 daAuts
     D:9: 1104 daAuts
     D:1: 1081 daAuts
     D:5: 1009 daAuts
  Lair:4: 958 daAuts
  Lair:1: 933 daAuts
     D:2: 890 daAuts
    D:10: 879 daAuts
   IceCv: 855 daAuts
     D:8: 823 daAuts
